 Dungeon Crawl Stone Soup version 0.28-a0-1594-ga885d4b3d6 (webtiles) character file.

Game seed: 10062956392805121665

186 fragbeetle the Slasher (level 5, -1/43 HPs)
             Began as a Palentonga Abyssal Knight on Jan 20, 2022.
             Was a Believer of Lugonu.
             Succumbed to a water moccasin's poison
             ... on level 4 of the Dungeon.
             The game lasted 00:09:10 (4372 turns).

fragbeetle the Slasher (Palentonga Abyssal Knight)  Turns: 4372, Time: 00:09:10

Health: -1/43      AC: 10    Str: 18    XL:     5   Next: 38%
Magic:  7/7        EV:  7    Int: 11    God:    Lugonu [**....]
Gold:   140        SH:  3    Dex: 10    Spells: 1/4 levels left

rFire   + . .      SeeInvis +   a - +1 falchion
rCold   . . .      Faith    .   d - +0 buckler
rNeg    . . .      Spirit   .   q - +1 scale mail {rF+}
rPois   .          Reflect  .   i - +2 helmet
rElec   .          Harm     .   (no cloak)
rCorr   .          Rampage  .   (no gloves)
Will    .....                   (no barding)
Stlth   ..........              (no amulet)
HPRegen 0.14/turn               (no ring)
MPRegen 0.10/turn               (no ring)

@: lethally poisoned (-1 -> -41), hasted, very quick
A: large, rugged brown scales 3, see invisible, deformed body, roll 1, armoured
tail
a: Rolling Charge, Renounce Religion, Depart the Abyss, Bend Space


You were on level 4 of the Dungeon.
You worshipped Lugonu.
Lugonu was pleased with you.
You visited 2 branches of the dungeon, and saw 5 of its levels.
You visited the Abyss 1 time.

You collected 140 gold pieces.

Inventory:

Hand Weapons
 a - a +1 falchion (weapon)
 b - a +0 hunting sling
 m - a +2 antimagic dagger
Missiles
 h - 48 bolts
 k - 98 stones
 l - 78 arrows
 o - 28 sling bullets
Armour
 d - a +0 buckler (worn)
 i - a +2 helmet (worn)
 q - a +1 scale mail of fire resistance (worn)
Wands
 s - a wand of polymorph (9)
Scrolls
 e - a scroll of identify
 n - a scroll of enchant armour
 r - a scroll of vulnerability {unknown}
Potions
 c - a potion of brilliance {unknown}
 f - a potion of cancellation {unknown}
 p - a potion of magic {unknown}
 t - a potion of haste
 u - a potion of degeneration {unknown}


   Skills:
 - Level 3.0 Fighting
 * Level 4.2 Long Blades
 - Level 1.5 Armour
 - Level 0.7 Dodging
 + Level 1.6 Shields
 + Level 0.6 Conjurations
 + Level 3.4 Invocations


You had one spell level left.
You knew the following spells:

 Your Spells              Type           Power      Damage    Failure   Level
a - Mephitic Cloud        Conj/Pois/Air  0%         N/A       99%         3

Your spell library contained the following spells:

 Spells                   Type           Power      Damage    Failure   Level
 Magic Dart               Conj           4%         1d3       75%         1
 Beastly Appendage        Tmut           0%         N/A       82%         1
 Call Imp                 Summ           0%         N/A       91%         2


Dungeon Overview and Level Annotations

Branches:
Dungeon (4/15)             Temple (1/1) D:4

Altars:
Ashenzari
Cheibriados
Dithmenos
Elyvilon
Fedhas
Gozag
Hepliaklqana
Kikubaaqudgha
Makhleb
Nemelex Xobeh
Okawaru
Qazlal
Ru
Sif Muna
Trog
Uskayaw
Vehumet
Wu Jian
Xom
Yredelemnul
Zin


Innate Abilities, Weirdness & Mutations

You are completely covered in rugged brown scales. (AC +3, +7% HP)
You have supernaturally acute eyesight. (SInv)
Armour fits poorly on your strangely shaped body.
You can roll at nearby foes to attack.
You have a long armoured tail.


Message History

The water moccasin is severely wounded.
You feel very sick. The water moccasin bites you.
* * * LOW HITPOINT WARNING * * *
You are more poisoned.
The water moccasin poisons you! The water moccasin bites you.
* * * LOW HITPOINT WARNING * * *
You are more poisoned.
The water moccasin poisons you!
You feel much better.
You feel very sick. The water moccasin bites you!
You are more poisoned.
The water moccasin poisons you!
You barely miss the water moccasin.
The water moccasin is severely wounded.
* * * LOW HITPOINT WARNING * * *
You feel extremely sick. The water moccasin bites you.
* * * LOW HITPOINT WARNING * * *
You are more poisoned.
The water moccasin poisons you!
You feel much better.
You feel very sick. The water moccasin bites you.
You are more poisoned.
The water moccasin poisons you!
You closely miss the water moccasin. You tail-slap the water moccasin.
The water moccasin is almost dead.
You feel extremely sick. The water moccasin barely misses you.
You closely miss the water moccasin.
Your tail-slap misses the water moccasin.
The water moccasin is almost dead.
* * * LOW HITPOINT WARNING * * *
You feel extremely sick. The water moccasin barely misses you.
You hit the water moccasin but do no damage.
The water moccasin is almost dead.
You die...

########################
......#.................
......#.................
......#.........@S....(.
......##.##.............
.........##.............
......##################
......#
......###########
......##........#####
......##............##
..##.###........##...#


You could see a water moccasin.

Vanquished Creatures
  An iron imp (D:3)
  4 gnolls (D:3)
  5 adders
  An adder skeleton (D:4)
  5 orcs
  4 endoplasms
  2 giant cockroaches (D:2)
  8 hobgoblins
  2 quokkas
  6 ball pythons
  5 bats
  7 frilled lizards
  4 goblins (D:2)
  9 kobolds
  11 rats
  A bush (D:1)
75 creatures vanquished.

Vanquished Creatures (others)
  4 plants (D:1)
4 creatures vanquished.

Grand Total: 79 creatures vanquished

Notes
Turn   | Place    | Note
-------+----------+-------------------------------------------
     0 | Abyss:1  | fragbeetle the Palentonga Abyssal Knight began the quest
                  | for the Orb.
     0 | Abyss:1  | Reached XP level 1. HP: 19/19 MP: 2/2
     9 | Abyss:1  | Noticed a boulder beetle
    16 | D:1      | Escaped the Abyss
    82 | D:1      | Found a faded altar of an unknown god.
    92 | D:1      | Got Plato's Almanac of Transmutation
    99 | D:1      | Reached * piety under Lugonu
   397 | D:1      | Reached XP level 2. HP: 23/25 MP: 3/3
  1116 | D:1      | Reached skill level 3 in Long Blades
  1321 | D:2      | Reached XP level 3. HP: 31/31 MP: 4/4
  1627 | D:2      | Reached ** piety under Lugonu
  1721 | D:2      | Reached skill level 1 in Shields
  1794 | D:2      | Reached XP level 4. HP: 37/37 MP: 6/6
  2121 | D:2      | Found a hazy altar of Hepliaklqana.
  2285 | D:3      | Found a snail-covered altar of Cheibriados.
  2641 | D:3      | Learned a level 3 spell: Mephitic Cloud
  2716 | D:3      | Reached skill level 4 in Long Blades
  2721 | D:3      | Reached XP level 5. HP: 41/43 MP: 7/7
  4000 | D:4      | Found a staircase to the Ecumenical Temple.
  4016 | Temple   | Entered the Ecumenical Temple
  4346 | D:4      | Noticed a water moccasin
  4372 | D:4      | Succumbed to a water moccasin's poison

Illustrated notes

Levels and vault maps discovered:
D:1:      dpeg_arrival_court, layout_loops_corners,
          shapermc_ecumenical_altar_rom_forum, lexackson_kobold_supper
D:2:      layout_loops_ring, basic_altar, minmay_pentomino_p2
D:3:      layout_basic, chei_slow_surprise, st_stairs_13, lemuel_flame_loot_1
D:4:      minmay_bubble_buster, layout_basic, minmay_temple_entry_wispy
Temple:   mainiacjoe_temple_bowtie_tessellation

Skill      XL: |  1  2  3  4 |
---------------+-------------+-----
Long Blades    | 3 4 |  4.2
Shields        | 1 |  1.6
Invocations    | 3 |  3.4
Fighting       | |  3.0
Armour         | |  1.5
Dodging        | |  0.7
Conjurations   | |  0.6

Action                   |  1- 3 |  4- 6 || total
-------------------------+-------+-------++-------
Melee: Falchion          |   161 |    93 ||   254
       Tailslap          |    33 |    13 ||    46
 Fire: Hunting sling     |     4 |    25 ||    29
Invok: Depart the Abyss  |     1 |       ||     1
 Abil: Rolling Charge    |     7 |     8 ||    15
  Use: Scroll            |       |     4 ||     4
       Potion            |       |     4 ||     4
Armor: Leather armour    |    43 |       ||    43
       Scale mail        |       |    37 ||    37
Dodge: Dodged            |    45 |    22 ||    67
Block: Buckler           |     8 |    12 ||    20

Table legend: (Time is in decaauts)
 A = Elapsed time spent in this place.
 B = Non-inter-level travel time spent in this place.
 C = Inter-level travel time spent in this place.
 D = Time resting spent in this place.
 E = Time spent auto-exploring this place.
 F = Levels seen in this place.
 G = Mean time per level.
                   A        B        C        D        E       F      G
               +--------+--------+--------+--------+--------+-----+--------+
         Total |   4404 |   4239 |    165 |    507 |   2794 |   6 |  734.0 |
       Dungeon |   4134 |   3969 |    165 |    507 |   2591 |   4 | 1033.5 |
        Temple |    253 |    253 |      0 |      0 |    203 |   1 |  253.0 |
         Abyss |     16 |     16 |      0 |      0 |      0 |   1 |   16.0 |
               +--------+--------+--------+--------+--------+-----+--------+

Top non-repeatable levels by time:
     D:3: 1679 daAuts
     D:1: 1308 daAuts
     D:2: 903 daAuts
  Temple: 253 daAuts
     D:4: 243 daAuts
 Abyss:1: 16 daAuts
